 Dungeon Crawl Stone Soup version 0.14.1-10-gba40d31 (webtiles) character file.

290005 Heini the Shatterer (level 19, -2/191 HPs)
             Began as a Minotaur Fighter on May 28, 2014.
             Was the Champion of Okawaru.
             Slain by a deep troll shaman (14 damage)
             ... summoned by a boggart
             ... on Level 2 of the Depths.
             The game lasted 04:14:46 (40156 turns).

Heini the Shatterer (Minotaur Fighter)             Turns: 40156, Time: 04:14:46

HP  -2/191       AC 45     Str 32      XL: 19   Next: 82%
MP  21/21        EV  7     Int 11      God: Okawaru [******]
Gold 4008        SH  0     Dex 14      Spells:  0 memorised, 18 levels left

rFire  + + .     SeeInvis .     N - +5,+6 great mace (vamp)
rCold  + . .     Clarity  .     E - +9 armour of the Dragon King {rPois rF+ rC+ MR+}
rNeg   . . .     Conserve +     (no shield)
rPois  +         rCorr    +     w - +1 hat {Int+3}
rElec  .         rRot     .     S - +1 cloak {rCorr, Cons}
SustAb . .       Spirit   .     B - +1 pair of gloves "Shein" {+Inv rF+ Dex-1}
rMut   .         Warding  .     a - +3 pair of boots of the spider {+Jump, Stlth+}
Gourm  +         Stasis   .     s - amulet of the gourmand
MR     ++...                    K - +5 ring of dexterity
                                o - ring "Khottosaf" {+Blink +Rage rPois Str+3 Int+3}

@: very resistant to hostile enchantments, extremely unstealthy
A: retaliatory headbutt, horns 2
a: Heroism, Finesse, Renounce Religion, Evoke Blink, Evoke Berserk Rage, Evoke
Invisibility, Evoke Jump Attack
}: 2/15 runes: barnacled, gossamer


You were on level 2 of the Depths.
You worshipped Okawaru.
Okawaru was exalted by your worship.
You were very full.

You visited 7 branches of the dungeon, and saw 41 of its levels.
You also visited: Bailey and Ice Cave.

You collected 4008 gold pieces.

Inventory:

Hand weapons
 N - a +5,+6 vampiric great mace (weapon)
 U - a +1,+0 crossbow of flame
 Y - the +7,+7 great mace of the Grey Skies {flame, rF- Str+3}
   (Okawaru gifted it to you on level 1 of the Depths)

   It emits flame when wielded, causing extra injury to most foes and up to
   double damage against particularly susceptible opponents.
   It affects your strength (+3).
   It makes you vulnerable to fire.
Armour
 a - the +3 pair of boots of the spider (worn) {+Jump, Stlth+}
   (You found it on level 1 of the Spider Nest)

   It makes you much more stealthy.
 w - a +1 hat of intelligence (worn)
 B - the +1 pair of gloves "Shein" (worn) {+Inv rF+ Dex-1}
   (Okawaru gifted it to you on level 2 of the Spider Nest)

   It affects your dexterity (-1).
   It protects you from fire.
   It lets you turn invisible.
 E - the +9 armour of the Dragon King (worn) {rPois rF+ rC+ MR+}
   (You found it on level 3 of the Lair of Beasts)

   It protects you from fire.
   It protects you from cold.
   It protects you from poison.
   It affects your resistance to hostile enchantments.
 S - a +1 cloak of preservation (worn)
Magical devices
 f - a wand of teleportation (2)
 t - a wand of teleportation (1)
Comestibles
 c - 6 meat rations
 i - 3 pears
 v - 5 apples
 G - 5 chokos
 M - 6 bread rations
 Q - a lemon
 X - a lychee
Scrolls
 j - 8 scrolls of remove curse
 k - 4 scrolls of identify
 l - 2 scrolls of blinking
 m - 2 scrolls of magic mapping
 r - 3 scrolls of enchant armour
 x - 6 scrolls of teleportation
 y - 2 scrolls of fear
 A - 4 scrolls of recharging
 T - a scroll of amnesia
 Z - a scroll of holy word
Jewellery
 o - the ring "Khottosaf" (left hand) {+Blink +Rage rPois Str+3 Int+3}
   (You found it on level 5 of the Shoals)

   [ring of strength]

   It affects your strength (+3).
   It affects your intelligence (+3).
   It protects you from poison.
   It lets you blink.
   It lets you go berserk.
 p - an uncursed ring of protection from cold
 s - an amulet of the gourmand (around neck)
 u - an uncursed ring of regeneration
 D - an uncursed ring of positive energy
 H - an uncursed ring of positive energy
 K - a +5 ring of dexterity (right hand)
 L - an uncursed ring of sustain abilities
 R - an uncursed amulet of resist corrosion
 V - a +1 ring of evasion
Potions
 d - 6 potions of restore abilities
 e - 3 potions of might
 g - 9 potions of curing
 h - 4 potions of agility
 n - 3 potions of heal wounds
 z - a potion of porridge
 C - 4 potions of haste
 F - 3 potions of resistance
 I - 2 potions of berserk rage
 O - 2 potions of invisibility
 P - a potion of flight
Books
 J - a Grand Grimoire {highlevel, unknown}

   This book is beyond your current level of understanding.

   Spells                             Type                      Level
   Aura of Abjuration                 Summoning                    6
   Forceful Dismissal                 Summoning                    6
   Haunt                              Necromancy/Summoning         7
   Summon Greater Demon               Summoning                    7
   Malign Gateway                     Summoning/Translocation      7
   Summon Horrible Things             Summoning                    8


   Skills:
 * Level 21.8 Fighting
 + Level 24.3 Maces & Flails
 * Level 22.0 Armour
   Level 3.6 Shields
 + Level 3.2 Invocations
 + Level 5.6 Evocations


You had 18 spell levels left.
You didn't know any spells.

Dungeon Overview and Level Annotations

Branches:
Dungeon (15/15)            Temple (1/1) D:4             Orc (4/4) D:9
    Elf (0/3) Orc:3          Lair (8/8) D:9          Shoals (5/5) Lair:5
 Spider (5/5) Lair:6        Slime (0/6) Lair:7       Vaults (0/5) D:13
 Depths (3/5) D:15

Altars:
Ashenzari
Cheibriados
Dithmenos
Elyvilon
Fedhas
Kikubaaqudgha
Makhleb
Nemelex Xobeh
Okawaru
Sif Muna
Trog
Vehumet
Xom
Yredelemnul
Zin
The Shining One
Jiyva

Shops:
D:10 ?(   Orc:2 *   Orc:4 ?:[}

Portals:
Hell: Depths:1 Depths:2
Abyss: Depths:2
Ziggurat: Depths:2

Annotations:
Shoals:4 exclusion: Roxanne, Roxanne


Innate Abilities, Weirdness & Mutations

You reflexively headbutt those who attack you in melee.
You have a pair of horns on your head.


Message History

You headbutt the deep troll shaman, but do no damage.
The deep troll shaman is heavily wounded.
The deep troll shaman completely misses you.
The deep troll shaman claws you but does no damage. x2
The deep troll bites you!
* * * LOW HITPOINT WARNING * * *
The deep troll claws you but does no damage.
The deep troll completely misses you.
You sock the deep troll shaman! You headbutt the deep troll shaman.
The deep troll shaman is severely wounded.
The death yak gores you but does no damage.
The deep troll barely misses you. You furiously retaliate!
You headbutt the deep troll. The deep troll completely misses you.
The deep troll closely misses you.
The deep troll bites you but does no damage.
The deep troll claws you but does no damage.
The deep troll claws you!
* * * LOW HITPOINT WARNING * * *
The deep troll shaman bites you!
You die...

#...#[..........#..(
#...'.)...≈....:#... ###
#...#...........#.).
##.######...#####...#####'#'
#...#...........#...#...#...
#..............(#...#.#.#...
#.).#......Z....#...#...#...
#####...#####.TT#########...####
##........../#.T@#...#........=..
#..........#.#.Y.#.∩.#.#...#.....
##...........#..!#...#...........
#####...#########...#####...####
#...#...#...........#)..# #
#...#.#.#(...)#...#.....# #
#...#...#...........#...# #
##'##...#####...######.##
##...........#...# ###


You could see a death yak, 2 deep trolls, a deep troll shaman and a frost giant
simulacrum.

Vanquished Creatures
  An ancient lich (Depths:2)
  Nikola (Spider:1)
  A lich (Depths:1)
  Asterion (Depths:2)
  A deep elf blademaster (Depths:2)
  A titan (Depths:1)
  Rupert (Spider:1)
  Frances (Shoals:1)
  A tengu reaver (Depths:2)
  The ghost of 5ubbak the Destroyer, a mighty TeFE of Vehumet (Spider:4)
  A fire giant (shapeshifter) (Depths:2)
  Ilsuiw (Shoals:5)
  3 fire giants
  5 frost giants
  An iron dragon (Depths:1)
  2 ghost moths (Spider:5)
  10 emperor scorpions
  4 stone giants
  2 war gargoyles (Depths:2)
  A deep elf annihilator (Depths:2)
  The ghost of ztt the Protected, a powerful MiDK of Yredelemnul (Lair:8)
  Azrael (Spider:2)
  A lorocyproca (Depths:2)
  3 dire elephants (Depths:1)
  5 merfolk javelineers
  Snorg (Spider:5)
  4 ettins
  16 merfolk impalers
  A fire dragon (Depths:2)
  A vault guard (D:13)
  Josephine (D:12)
  A minotaur (Depths:2)
  4 sirens
  11 rakshasas
  A yaktaur captain (Depths:1)
  2 dancing weapons (Depths:2)
  3 spriggan air magi (Depths:2)
  Harold (D:14)
  An ice dragon (shapeshifter) (Depths:2)
  7 ice dragons
  11 hydras
  7 deep troll earth magi
  Erica (Lair:2)
  An alligator snapping turtle (Shoals:2)
  3 merfolk aquamancers (Shoals:5)
  5 ogre magi
  25 death yaks
  A tengu warrior (D:14)
  A satyr (Shoals:3)
  4 deep troll shamans
  4 centaur warriors
  Urug (Spider:1)
  A very ugly thing (Depths:1)
  A salamander mystic (Depths:2)
  2 catoblepae
  A hell knight (Depths:2)
  A fire crab (shapeshifter) (Depths:1)
  6 iron trolls
  10 deep trolls
  2 fire crabs (Depths:2)
  8 sea snakes
  A deep elf summoner (Depths:1)
  2 unseen horrors
  A swamp dragon (shapeshifter) (Depths:1)
  24 orb spiders
  2 flayed ghosts
  3 ice statues (IceCv)
  8 hill giants
  Pikel (D:7)
  A lindwurm (Depths:2)
  2 orc knights
  A giant orange brain (shapeshifter) (Depths:2)
  4 water nymphs
  A wizard (D:13)
  37 wolf spiders
  A deep elf conjurer (Depths:2)
  A stone giant zombie (Depths:2)
  6 griffons
  9 harpies
  4 necromancers
  A cyclops (shapeshifter) (D:14)
  6 fauns
  6 manticores
  3 oklob plants (Lair:8)
  5 red wasps
  A wolf spider (shapeshifter) (Depths:2)
  10 mermaids
  17 elephants
  3 moths of wrath
  2 drowned souls (Shoals:4)
  A queen ant (Lair:2)
  10 spiny frogs
  8 cyclopes
  6 naga magi (Depths:2)
  5 black mambas
  Psyche (D:8)
  4 yaktaurs
  An item mimic (Lair:3)
  A dire elephant skeleton (Depths:2)
  5 kobold demonologists
  11 demonic crawlers
  An efreet (D:15)
  2 tengu conjurers
  A centaur zombie (D:12)
  14 trolls
  2 fire drakes
  19 jumping spiders
  A queen bee (shapeshifter) (Depths:1)
  A freezing wraith (D:14)
  A spriggan skeleton (Depths:2)
  6 komodo dragons
  A hydra zombie (D:15)
  A polar bear (Lair:6)
  A queen bee (Spider:5)
  5 ravens
  3 wind drakes
  A raiju (shapeshifter) (D:14)
  15 two-headed ogres
  37 merfolk
  2 basilisks
  A frost giant simulacrum (Depths:2)
  A human skeleton (D:13)
  7 slime creatures
  23 blink frogs
  15 snapping turtles
  6 boulder beetles
  2 grizzly bears (Lair:8)
  A grizzly bear (shapeshifter) (Depths:2)
  A shadow (D:13)
  A spriggan (D:7)
  12 water elementals
  30 redbacks
  14 sharks
  23 tarantellas
  5 deep elf magi
  25 ugly things
  2 griffon skeletons
  A wraith (D:14)
  2 fire bats (Lair:2)
  17 trapdoor spiders
  A hill giant zombie (D:12)
  3 elephant slugs
  2 vampires
  17 humans (D:13)
  32 yaks
  Eustachio (D:6)
  A chaos spawn (Depths:2)
  5 wyverns
  6 hippogriffs
  Grum (D:8)
  3 wargs (Orc:3)
  A hill giant skeleton (D:12)
  A mottled dragon (D:11)
  Edmund (D:8)
  2 fire elementals
  10 wolves
  A hungry ghost (D:11)
  5 vampire mosquitoes
  9 soldier ants
  2 hydra simulacra (Depths:2)
  2 necrophages
  9 water moccasins
  An ice beast (shapeshifter) (Depths:1)
  5 black bears
  5 hell hounds
  10 porcupines
  18 spiders
  5 yellow wasps
  2 sky beasts
  24 orc warriors
  29 ogres
  3 phantoms
  25 ice beasts
  18 centaurs
  7 giant goldfish
  A hill giant simulacrum (D:15)
  10 crocodiles
  A boring beetle (Lair:7)
  Sigmund (D:7)
  2 lava worms (Lair:2)
  6 big kobolds
  14 giant slugs
  21 giant frogs
  A cyclops zombie (D:9)
  A cyclops skeleton (D:9)
  A water moccasin zombie (D:10)
  32 killer bees
  A hippogriff zombie (D:12)
  9 scorpions
  6 electric eels
  A tengu skeleton (D:12)
  21 wights
  2 vampire bats (Lair:4)
  A boring beetle zombie (D:15)
  4 crimson imps
  4 goliath beetles
  9 hounds
  7 jellies
  2 quasits
  Crazy Yiuf (D:7)
  8 iguanas
  An elf zombie (D:15)
  2 giant frog skeletons
  A giant frog zombie (D:8)
  21 orc priests
  6 big fish
  2 human zombies (D:13)
  An elf skeleton (D:12)
  A two-headed ogre skeleton (D:14)
  30 orc wizards
  25 worker ants
  45 sheep
  5 mummies
  15 adders
  24 green rats
  11 gnolls
  A shadow imp (D:7)
  12 white imps (Lair:5)
  5 giant mites
  11 worms
  An orc zombie (D:10)
  An adder skeleton (D:9)
  An iguana skeleton (D:10)
  3 giant eyeballs
  10 giant geckos
  3 oozes
  149 orcs
  8 giant cockroaches
  14 goblins
  20 hobgoblins
  29 jackals
  3 ball pythons
  39 bats
  A giant cockroach zombie (D:4)
  6 giant newts
  42 kobolds
  An orc skeleton (D:4)
  14 quokkas
  26 rats
  A bush (Shoals:1)
  4 fungi
  2 plants
1752 creatures vanquished.

Vanquished Creatures (others)
  A wizard (D:13)
  An orb spider (Spider:3)
  A necromancer (D:13)
  2 wolf spiders
  15 drowned souls
  A redback (Spider:2)
  A slave (D:7)
  A yellow wasp (Spider:5)
  An electric eel (Spider:5)
  A human zombie (D:13)
  A worker ant (D:12)
  An orc wizard (D:15)
  A giant newt (D:7)
  A rat skeleton (D:7)
  4 plants
33 creatures vanquished.

Grand Total: 1785 creatures vanquished

Notes
Turn   | Place    | Note
--------------------------------------------------------------
     0 | D:1      | Heini, the Minotaur Fighter, began the quest for the Orb.
     0 | D:1      | Reached XP level 1. HP: 19/19 MP: 1/1
   248 | D:1      | Reached skill level 4 in Armour
   288 | D:1      | Reached XP level 2. HP: 25/27 MP: 1/1
   727 | D:2      | Reached XP level 3. HP: 30/33 MP: 2/2
   855 | D:2      | Reached XP level 4. HP: 41/41 MP: 2/2
  1357 | D:3      | Reached skill level 5 in Armour
  1732 | D:3      | Reached skill level 5 in Fighting
  1893 | D:3      | Reached XP level 5. HP: 48/48 MP: 2/2
  2408 | D:4      | Found a staircase to the Ecumenical Temple.
  2416 | Temple   | Entered the Ecumenical Temple
  2468 | Temple   | Became a worshipper of Warmaster Okawaru
  2644 | D:4      | Reached XP level 6. HP: 56/56 MP: 3/3
  2868 | D:4      | Reached skill level 6 in Armour
  3098 | D:5      | Entered Level 5 of the Dungeon
  3110 | D:5      | Reached skill level 5 in Maces & Flails
  3264 | D:5      | Acquired Okawaru's first power
  3274 | D:5      | Reached XP level 7. HP: 48/63 MP: 3/3
  3400 | D:5      | Reached skill level 7 in Armour
  4167 | D:6      | Reached XP level 8. HP: 71/71 MP: 3/3
  4236 | D:6      | Noticed Eustachio
  4295 | D:6      | Killed Eustachio
  4295 | D:6      | Reached skill level 8 in Armour
  4600 | D:7      | Noticed Pikel
  4626 | D:7      | Killed Pikel
  4658 | D:7      | Reached skill level 9 in Armour
  4677 | D:7      | Reached XP level 9. HP: 73/81 MP: 1/4
  4899 | D:7      | Reached skill level 10 in Maces & Flails
  5009 | D:7      | Noticed Sigmund
  5023 | D:7      | Killed Sigmund
  5183 | D:7      | Noticed Crazy Yiuf
  5193 | D:7      | Killed Crazy Yiuf
  5236 | D:8      | Noticed Grum
  5251 | D:8      | Reached skill level 10 in Armour
  5255 | D:8      | Acquired Okawaru's second power
  5266 | D:8      | Killed Grum
  5266 | D:8      | Reached skill level 11 in Maces & Flails
  5316 | D:8      | Noticed Edmund
  5327 | D:8      | Killed Edmund
  5383 | D:8      | Noticed Psyche
  5390 | D:8      | Killed Psyche
  5390 | D:8      | Reached XP level 10. HP: 84/91 MP: 2/4
  6174 | D:9      | Reached skill level 1 in Invocations
  6186 | D:9      | Found a staircase to the Orcish Mines.
  6261 | D:9      | Received a gift from Okawaru
  6349 | D:9      | Reached skill level 12 in Maces & Flails
  6354 | D:9      | Reached skill level 10 in Fighting
  6544 | D:9      | Found a staircase to the Lair.
  6821 | Lair:1   | Entered Level 1 of the Lair of Beasts
  6949 | Lair:1   | Reached skill level 13 in Maces & Flails
  7276 | Lair:1   | Found a snail-covered altar of Cheibriados.
  7276 | Lair:1   | Noticed a six-headed hydra
  7281 | Lair:1   | Killed a six-headed hydra
  7281 | Lair:1   | Received a gift from Okawaru
  7281 | Lair:1   | Reached XP level 11. HP: 96/101 MP: 6/6
  7588 | Lair:1   | Got an ancient chain mail
  7618 | Lair:1   | Identified the cursed -1 chain mail "Brotoipu" {rPois Str+3} (You found it on level 1 of the Lair of Beasts)
  7987 | Lair:1   | Reached skill level 14 in Maces & Flails
  8140 | Lair:2   | Noticed Erica
  8150 | Lair:2   | Killed Erica
  8545 | Lair:2   | Reached skill level 15 in Maces & Flails
  9450 | Lair:3   | Reached XP level 12. HP: 112/112 MP: 8/8
  9596 | Lair:3   | Received a gift from Okawaru
  9597 | Lair:3   | Got an iridescent demon whip {god gift}
  9607 | Lair:3   | Identified the +1,-1 demon whip of the Firefly {drain, +Fly rPois MR++} (Okawaru gifted it to you on level 3 of the Lair of Beasts)
 10313 | Lair:4   | Reached skill level 16 in Maces & Flails
 10658 | Lair:4   | Received a gift from Okawaru
 10849 | Lair:4   | Noticed a five-headed hydra
 10856 | Lair:4   | Killed a five-headed hydra
 10913 | Lair:5   | Noticed a four-headed hydra
 10924 | Lair:5   | Killed a four-headed hydra
 11040 | Lair:5   | Found a frozen archway.
 11041 | Lair:5   | Noticed an eight-headed hydra
 11056 | Lair:5   | Killed an eight-headed hydra
 11093 | IceCv    | Entered an ice cave
 11198 | IceCv    | Reached skill level 17 in Maces & Flails
 11781 | Lair:5   | Reached XP level 13. HP: 122/122 MP: 8/8
 11798 | Lair:5   | Found a staircase to the Shoals.
 12167 | Lair:6   | Found a hole to the Spider Nest.
 12179 | Lair:6   | Received a gift from Okawaru
 12901 | Lair:6   | Reached skill level 18 in Maces & Flails
 14210 | Spider:1 | Entered Level 1 of the Spider Nest
 14678 | Lair:7   | Found a staircase to the Slime Pits.
 14709 | Lair:8   | Entered Level 8 of the Lair of Beasts
 14737 | Lair:8   | Noticed ztt's ghost (powerful MiDK)
 14759 | Lair:8   | Killed ztt's ghost
 14858 | Lair:8   | Received a gift from Okawaru
 14901 | Lair:8   | Reached XP level 14. HP: 117/133 MP: 8/8
 15225 | Lair:8   | Identified a scroll of acquirement
 15299 | Lair:8   | Reached skill level 19 in Maces & Flails
 15354 | Lair:8   | Reached skill level 15 in Fighting
 15740 | Lair:8   | Reached skill level 15 in Armour
 15765 | Lair:8   | Received a gift from Okawaru
 15937 | Lair:8   | Received a gift from Okawaru
 16434 | Orc:1    | Entered Level 1 of the Orcish Mines
 16760 | Orc:2    | Found Ituk's General Store.
 17223 | Orc:1    | Found a shimmering altar of Xom.
 17470 | Orc:3    | Found a staircase to the Elven Halls.
 17788 | Orc:4    | Entered Level 4 of the Orcish Mines
 17816 | Orc:4    | Reached skill level 20 in Maces & Flails
 18522 | Orc:4    | Found Vemuly's Book Shop.
 18700 | Orc:4    | Received a gift from Okawaru
 18742 | Orc:4    | Found Qabocaf's Gadget Shoppe.
 18748 | Orc:4    | Found Igalil's Armour Boutique.
 18750 | Orc:4    | Found Koluj Urr's Magic Scroll Boutique.
 19491 | Orc:1    | Reached XP level 15. HP: 144/144 MP: 10/10
 19996 | D:10     | Entered Level 10 of the Dungeon
 20036 | D:10     | Found Pixoic's Weapon Boutique.
 20136 | D:10     | Found a sparkling altar of Nemelex Xobeh.
 20533 | D:10     | Found Dumimo's Magic Scroll Emporium.
 20848 | D:11     | Found a flagged portal.
 20860 | Bailey   | Entered a bailey
 20921 | Bailey   | Found a burning altar of Makhleb.
 22178 | D:12     | Noticed Josephine
 22189 | D:12     | Killed Josephine
 22617 | D:13     | Received a gift from Okawaru
 22618 | D:13     | Got a brightly glowing robe {god gift}
 22634 | D:13     | Identified the +1 robe "Jiuffeat" {+Rage rF+ Acc+4} (Okawaru gifted it to you on level 13 of the Dungeon)
 22931 | D:13     | Found a gate to the Vaults.
 23790 | D:14     | Noticed Harold
 23812 | D:14     | Killed Harold
 24264 | D:14     | Found a viscous altar of Jiyva.
 24346 | D:14     | Reached skill level 21 in Maces & Flails
 24555 | D:15     | Entered Level 15 of the Dungeon
 24848 | D:15     | Found a staircase to the Depths.
 24951 | D:15     | Found a blossoming altar of Fedhas.
 25161 | D:15     | Found a basalt altar of Yredelemnul.
 25600 | Spider:1 | Received a gift from Okawaru
 25633 | Spider:1 | Noticed Urug
 25648 | Spider:1 | Killed Urug
 25648 | Spider:1 | Reached XP level 16. HP: 76/155 MP: 11/11
 25984 | Spider:1 | Noticed Nikola
 26008 | Spider:1 | Killed Nikola
 26140 | Spider:1 | Identified a +1 cloak of preservation (You took it off Nikola on level 1 of the Spider Nest)
 26185 | Spider:1 | Noticed Rupert
 26208 | Spider:1 | Killed Rupert
 26993 | Spider:2 | Received a gift from Okawaru
 26994 | Spider:2 | Got a pair of fine gloves {god gift}
 26999 | Spider:2 | Identified the +1 pair of gloves "Shein" {+Inv rF+ Dex-1} (Okawaru gifted it to you on level 2 of the Spider Nest)
 27268 | Spider:2 | Noticed Azrael
 27514 | Spider:2 | Killed Azrael
 28601 | Spider:4 | Received a gift from Okawaru
 28732 | Spider:4 | Noticed 5ubbak's ghost (mighty TeFE)
 28883 | Spider:4 | Killed 5ubbak's ghost
 29082 | Spider:5 | Entered Level 5 of the Spider Nest
 29154 | Spider:5 | Noticed Snorg
 29165 | Spider:5 | Killed Snorg
 29381 | Spider:5 | Reached skill level 22 in Maces & Flails
 30000 | Spider:5 | Reached XP level 17. HP: 162/166 MP: 11/11
 30974 | Spider:5 | Got a gossamer rune of Zot
 31765 | Shoals:1 | Entered Level 1 of the Shoals
 31890 | Shoals:1 | Received a gift from Okawaru
 32120 | Shoals:1 | Noticed Frances
 32132 | Shoals:1 | Killed Frances
 32961 | Shoals:2 | Received a gift from Okawaru
 32962 | Shoals:2 | Got a crude ice dragon armour {god gift}
 33065 | Shoals:2 | Identified the -5 ice dragon armour of Phibleuq {rF- rC++ Dex+3 Int-2} (Okawaru gifted it to you on level 2 of the Shoals)
 33631 | Shoals:4 | Noticed Roxanne
 33749 | Shoals:5 | Entered Level 5 of the Shoals
 33839 | Shoals:5 | Reached XP level 18. HP: 178/178 MP: 5/13
 34007 | Shoals:5 | Noticed Ilsuiw
 34085 | Shoals:5 | Killed Ilsuiw
 34258 | Shoals:5 | Reached skill level 23 in Maces & Flails
 34494 | Shoals:5 | Received a gift from Okawaru
 34928 | Shoals:5 | Got a faintly glowing amber ring
 34931 | Shoals:5 | Identified the ring "Khottosaf" {+Blink +Rage rPois Str+3 Int+3} (You found it on level 5 of the Shoals)
 35112 | Shoals:5 | Reached skill level 1 in Evocations
 35193 | Shoals:5 | Got a barnacled rune of Zot
 35930 | Depths:1 | Entered Level 1 of the Depths
 35935 | Depths:1 | Found a gateway to Hell.
 36083 | D:15     | Received a gift from Okawaru
 36324 | Depths:1 | Paralysed by a giant eyeball for 4 turns
 37073 | Depths:1 | Received a gift from Okawaru
 37621 | Depths:1 | Reached XP level 19. HP: 163/189 MP: 13/18
 37913 | Depths:1 | Received a gift from Okawaru
 37914 | Depths:1 | Got a smoking great mace {god gift}
 37917 | Depths:1 | Identified the +7,+7 great mace of the Grey Skies {flame, rF- Str+3} (Okawaru gifted it to you on level 1 of the Depths)
 38429 | Depths:2 | Noticed an ancient lich
 38442 | Depths:2 | Killed an ancient lich
 38588 | Depths:2 | Received a gift from Okawaru
 38916 | Depths:2 | Reached skill level 5 in Evocations
 39066 | Depths:2 | Reached skill level 24 in Maces & Flails
 39396 | Depths:2 | Noticed Asterion
 39412 | Depths:2 | Killed Asterion
 39715 | Depths:2 | Found a gateway to a ziggurat.
 39920 | Depths:2 | Found a one-way gate to the infinite horrors of the Abyss.
 40156 | Depths:2 | Slain by a deep troll shaman

Action                   |  1- 3 |  4- 6 |  7- 9 | 10-12 | 13-15 | 16-18 | 19-21 || total
-------------------------+-------+-------+-------+-------+-------+-------+-------++-------
Melee: Flail             |   100 |   202 |   277 |       |       |       |       ||   579
       Dire flail        |       |       |    44 |   933 |   423 |       |       ||  1400
       Demon whip        |       |       |       |    68 |       |       |       ||    68
       Great mace        |       |       |       |       |   201 |  1793 |   433 ||  2427
       Mace              |       |       |       |       |  1754 |   108 |       ||  1862
Invok: Heroism           |       |       |     3 |     2 |     3 |     6 |     1 ||    15
       Finesse           |       |       |       |       |     1 |     5 |     1 ||     7
 Abil: Evoke Jump Attack |       |       |       |       |     3 |    13 |     1 ||    17
Evoke: Wand              |       |       |     1 |     1 |    11 |     3 |       ||    16
  Use: Scroll            |     3 |    11 |     5 |    11 |    17 |    16 |     3 ||    66
       Potion            |       |     1 |       |     1 |     2 |     1 |     3 ||     8
 Stab: Invisible         |       |       |     3 |       |       |       |       ||     3
       Petrified         |       |       |       |       |     1 |     2 |       ||     3
       Petrifying        |       |       |       |       |     1 |       |       ||     1
